 Dungeon Crawl Stone Soup version 0.24.0-123-gd5b16e6ec5 (webtiles) character file.

Game seed: 7923898669059959519, levelgen mode: deterministic

65 vurker the Fighter (level 4, -3/45 HPs)
             Began as a Gnoll Wanderer on Jan 28, 2020.
             Slain by Sigmund
             ... wielding a +0 scythe
              (5 damage)
             ... on level 2 of the Dungeon.
             The game lasted 00:02:11 (887 turns).

vurker the Fighter (Gnoll Wanderer)                  Turns: 887, Time: 00:02:12

Health: -3/45      AC:  2    Str: 16    XL:     4   Next: 14%
Magic:  6/6        EV: 12    Int: 14    God:
Gold:   42         SH:  0    Dex: 14    Spells: 5/5 levels left

rFire    . . .     SeeInvis .   b - +0 dagger
rCold    . . .     Gourm    .   (no shield)
rNeg     . . .     Faith    .   f - +0 robe
rPois    .         Spirit   .   (no helmet)
rElec    .         Reflect  .   (no cloak)
rCorr    .         Harm     .   (no gloves)
MR       .....                  (no boots)
Stlth    ++........             (no amulet)
HPRegen  0.15/turn              (no ring)
MPRegen  0.10/turn              (no ring)

@: lethally poisoned (-3 -> -6)
A: distributed training, fangs 1, strong nose
a: no special abilities


You were on level 2 of the Dungeon.
You were not hungry.

You visited 1 branch of the dungeon, and saw 2 of its levels.

You collected 42 gold pieces.

Inventory:

Hand Weapons
 a - a +2 hand crossbow
 b - a +0 dagger (weapon)
   (You took it off a goblin on level 1 of the Dungeon)
Armour
 f - a +0 robe (worn)
 o - a +0 cloak
   (You found it on level 1 of the Dungeon)
Scrolls
 d - a scroll of teleportation
 h - a scroll of random uselessness {unknown}
 i - a scroll of fear {unknown}
 j - 2 scrolls of identify {unknown}
 k - a scroll of remove curse {unknown}
 n - a scroll of noise {unknown}
 p - a scroll of immolation {unknown}
Potions
 c - 2 potions of curing
 g - a potion of berserk rage {unknown}
 q - a potion of flight {unknown}
Comestibles
 e - 4 rations
 l - 4 chunks of flesh


   Skills:
 + Level 8.5 Fighting
 + Level 1.0 Short Blades
 + Level 1.0 Long Blades
 + Level 1.0 Axes
 + Level 1.0 Maces & Flails
 + Level 2.7 Polearms
 + Level 1.0 Staves
 + Level 1.0 Slings
 + Level 1.0 Bows
 + Level 6.5 Crossbows
 + Level 1.0 Throwing
 + Level 1.0 Armour
 + Level 1.0 Dodging
 + Level 2.5 Stealth
 + Level 1.0 Shields
 + Level 1.0 Unarmed Combat
 + Level 1.0 Spellcasting
 + Level 0.7 Conjurations
 + Level 0.7 Hexes
 + Level 0.7 Charms
 + Level 0.7 Summonings
 + Level 0.7 Necromancy
 + Level 0.7 Translocations
 + Level 0.7 Transmutations
 + Level 0.7 Fire Magic
 + Level 0.7 Ice Magic
 + Level 0.7 Air Magic
 + Level 0.7 Earth Magic
 + Level 0.7 Poison Magic
 + Level 1.1 Invocations
 + Level 2.7 Evocations


You had 5 spell levels left.
You didn't know any spells.
Your spell library was empty.

Dungeon Overview and Level Annotations

Branches:
Dungeon (2/15)

Altars:

Annotations:
D:2 Sigmund


Innate Abilities, Weirdness & Mutations

Your experience applies equally to all skills.
You have very sharp teeth.
Your uncanny sense of smell can sniff out nearby items.


Message History

Firing (i - inventory) No suitable missiles.
Aim: an adder
Okay, then.
Firing (i - inventory) No suitable missiles.
Aim: an adder
Okay, then.
Unknown command.
b - a +0 dagger (weapon)
The adder closely misses you.
You barely miss the adder. The adder barely misses you.
Sigmund the Dreaded comes into view.
He is wielding a +0 scythe.
You hit the adder. Your bite misses the adder. The adder bites you.
You hit the adder. Your bite misses the adder. The adder bites you.
You are poisoned.
The adder poisons you! The adder barely misses you.
You barely miss the adder. You bite the adder, but do no damage.
You feel sick. The adder bites you.
You hit the adder but do no damage. You bite the adder, but do no damage.
The adder closely misses you.
You hit the adder.
You feel sick. The adder bites you. Sigmund says, "I'm your fate."
Sigmund gestures wildly while chanting.
Sigmund flickers and vanishes!
Deactivating autopickup; reactivate with Ctrl-A.
You miss the adder. You bite the adder. The adder barely misses you.
The adder bites you.
You are more poisoned.
The adder poisons you!
You hit the adder.
You kill the adder!
You have reached level 4!
You feel agile. Something hits you.
You feel sick.
Things that are here:
a bolt; a +0 dagger; an adder corpse You barely miss something.
You feel sick. Something hits you.
You closely miss something. You hit something. You bite something.
You feel sick.
You hear some strange, mumbled words.
A magic dart appears from out of thin air!
The magic dart hits you.
* * * LOW HITPOINT WARNING * * *
You miss something. Something hits you!
* * * LOW HITPOINT WARNING * * *
You hit something. Something hits you.
You die...

...##..(......(.....?
......###...........>...
...........(........ ..#
.......##.........#....#
......###...(.....#....#
............##....#?..
...#................#
####.)....)......{..# .
#............@...#..#
##.#.##......#....(.)
#...##.#.#.#(.>.....
....##..#.#.......... ∆
..##.##.#..#..........
## .....#.##.....(....
#.>####.#....(......
..#.........
#.###(.....(.


There were no monsters in sight!

Vanquished Creatures
  2 adders (D:2)
  An ooze (D:1)
  A worm (D:2)
  2 leopard geckos (D:2)
  A bat (D:1)
  2 giant cockroaches (D:1)
  5 goblins
  7 hobgoblins
  A ball python (D:1)
  A frilled lizard (D:1)
  7 kobolds
  7 rats (D:1)
37 creatures vanquished.

Notes
Turn   | Place    | Note
-------+----------+-------------------------------------------
     0 | D:1      | vurker the Gnoll Wanderer began the quest for the Orb.
     0 | D:1      | vurker set off with the following items: a +2 hand
                  | crossbow, 25 bolts, a potion of curing, a scroll of
                  | teleportation, a ration, a +0 robe
     0 | D:1      | Reached XP level 1. HP: 26/26 MP: 2/2
   171 | D:1      | Reached XP level 2. HP: 33/33 MP: 3/3
   422 | D:1      | Reached XP level 3. HP: 38/38 MP: 4/4
   752 | D:2      | Reached skill level 1 in Invocations
   869 | D:2      | Reached skill level 1 in Short Blades
   869 | D:2      | Reached skill level 1 in Long Blades
   869 | D:2      | Reached skill level 1 in Axes
   869 | D:2      | Reached skill level 1 in Maces & Flails
   869 | D:2      | Reached skill level 1 in Staves
   869 | D:2      | Reached skill level 1 in Slings
   869 | D:2      | Reached skill level 1 in Bows
   869 | D:2      | Reached skill level 1 in Throwing
   869 | D:2      | Reached skill level 1 in Armour
   869 | D:2      | Reached skill level 1 in Dodging
   869 | D:2      | Reached skill level 1 in Shields
   869 | D:2      | Reached skill level 1 in Unarmed Combat
   869 | D:2      | Reached skill level 1 in Spellcasting
   874 | D:2      | Noticed Sigmund
   881 | D:2      | Reached XP level 4. HP: 30/45 MP: 6/6
   886 | D:2      | HP: 2/45 [something (17)]
   887 | D:2      | Slain by Sigmund

Levels and vault maps discovered:
D:1:      kilobyte_arrival_exit_the_forest, layout_basic,
          minmay_misc_feat_four_crosses
D:2:      layout_rooms, grunt_gozag_statues, uniq_crazy_yiuf_cottage,
          uniq_sigmund

Skill      XL: |  1  2  3 |
---------------+----------+-----
Invocations    | 1 |  1.1
Short Blades   | 1 |  1.0
Long Blades    | 1 |  1.0
Axes           | 1 |  1.0
Maces & Flails | 1 |  1.0
Staves         | 1 |  1.0
Slings         | 1 |  1.0
Bows           | 1 |  1.0
Throwing       | 1 |  1.0
Armour         | 1 |  1.0
Dodging        | 1 |  1.0
Shields        | 1 |  1.0
Unarmed Combat | 1 |  1.0
Spellcasting   | 1 |  1.0
Fighting       | |  8.5
Polearms       | |  2.7
Crossbows      | |  6.5
Stealth        | |  2.5
Conjurations   | |  0.7
Hexes          | |  0.7
Charms         | |  0.7
Summonings     | |  0.7
Necromancy     | |  0.7
Translocations | |  0.7
Transmutations | |  0.7
Fire Magic     | |  0.7
Ice Magic      | |  0.7
Air Magic      | |  0.7
Earth Magic    | |  0.7
Poison Magic   | |  0.7
Evocations     | |  2.7

Action                   |  1- 3 |  4- 6 || total
-------------------------+-------+-------++-------
Melee: Dagger            |     8 |     5 ||    13
       Bite              |     3 |     1 ||     4
 Fire: Hand crossbow     |    65 |       ||    65
Armor: Robe              |     2 |       ||     2
Dodge: Dodged            |    12 |       ||    12
